 Dungeon Crawl Stone Soup version 0.31-a0-544-gceb718ecc6 (webtiles) character file.

Game seed: 5607660593682188838

106 zero the Magician (level 4, 0/24 HPs)
             Began as a Deep Elf Air Elementalist on Aug 15, 2023.
             Was an Initiate of Vehumet.
             Slain by an orc wizard
             ... wielding a +0 dagger
              (3 damage)
             ... on level 4 of the Dungeon.
             The game lasted 00:02:29 (3277 turns).

zero the Magician (Deep Elf Air Elementalist)       Turns: 3277, Time: 00:02:29

Health: 0/24       AC:  3    Str:  5    XL:     4   Next: 55%
Magic:  0/13       EV: 12    Int: 22    God:    Vehumet [......]
Gold:   153        SH:  0    Dex: 15    Spells: 6/13 levels left

rFire   . . .        j - +3 short sword
rCold   . . .        (no shield)
rNeg    . . .        a - +0 robe
rPois   .            (no helmet)
rElec   .            (no cloak)
rCorr   +            (no gloves)
SInv    .            q - +0 pair of boots
Will    .....        o - amulet of the acrobat
Stlth   ++           d - ring of resist corrosion
HPRegen 0.24/turn    (no ring)
MPRegen 0.13/turn

%: acrobat
@: no status effects
A: no striking features
a: Renounce Religion


You were on level 4 of the Dungeon.
You worshipped Vehumet.
Vehumet was noncommittal.
You visited 2 branches of the dungeon, and saw 5 of its levels.

You collected 153 gold pieces.

Inventory:

Hand Weapons
 c - a +1 mace of holy wrath
 j - a +3 short sword (weapon)
Missiles
 p - 10 curare-tipped darts
Armour
 a - a +0 robe (worn)
 q - a +0 pair of boots (worn)
Magical Staves
 r - a staff of death
Jewellery
 d - a ring of resist corrosion (left hand)
 o - an amulet of the acrobat (around neck)
Scrolls
 f - a scroll of vulnerability {unknown}
 g - a scroll of teleportation {unknown}
 l - 5 scrolls of identify {unknown}
 m - a scroll of silence {unknown}
 u - 2 scrolls of fear {unknown}
 v - a scroll of blinking {unknown}
 x - a scroll of fog {unknown}
Potions
 b - a potion of magic
 e - 2 potions of mutation {unknown}
 h - a potion of berserk rage {unknown}
 i - a potion of heal wounds {unknown}
 k - a potion of haste {unknown}
 n - a potion of curing {unknown}
 s - 2 potions of might {unknown}
 t - 3 potions of enlightenment {unknown}
 w - a potion of resistance {unknown}


   Skills:
 - Level 2.4 Dodging
 - Level 2.4 Stealth
 + Level 5.2 Spellcasting
 + Level 1.6 Conjurations
 + Level 4.0 Air Magic


You had 6 spell levels left.
You knew the following spells:

 Your Spells              Type           Power      Damage    Failure   Level
a - Shock                 Conj/Air       72%        1d7       3%          1
b - Static Discharge      Conj/Air       36%        2-4/arc   4%          2
c - Airstrike             Air            11%        2d(2-18)  19%         4

Your spell library contained the following spells:

 Spells                   Type           Power      Damage    Failure   Level
 Swiftness                Air            23%        N/A       5%          3
 Portal Projectile        Hex/Tloc       10%        N/A       30%         3
 Tukima's Dance           Hex            5%         N/A       30%         3
 Iskenderun's Mystic Bla  Conj/Tloc      9%         2d4       56%         4


Dungeon Overview and Level Annotations

Branches:
Dungeon (4/15)             Temple (1/1) D:4

Altars:
Cheibriados
Elyvilon
Hepliaklqana
Makhleb
Qazlal
Ru
Uskayaw
Vehumet
Yredelemnul
Zin
The Shining One

Annotations:
D:3 1 runed translucent door, TobyConnect's ghost, amateur DsSh


Message History

A magic dart appears from out of thin air!
The magic dart hits you!
You are too injured to fight recklessly!
You are too injured to fight recklessly!
Casting: Shock (safe; 3% risk of failure)
Confirm with . or Enter, or press ? or * to list all spells.
Aiming: Shock (safe; 3% risk of failure)
Press: ? - help, Shift-Dir - straight line A magic dart appears from out of thin air!
The magic dart hits you.
Casting: Shock (safe; 3% risk of failure)
Confirm with . or Enter, or press ? or * to list all spells.
Aiming: Shock (safe; 3% risk of failure)
Press: ? - help, Shift-Dir - straight line The zap hits something.
A puff of flame appears from out of thin air!
The puff of flame misses you.
Casting: Shock (safe; 3% risk of failure)
Confirm with . or Enter, or press ? or * to list all spells.
Aiming: Shock (safe; 3% risk of failure)
Press: ? - help, Shift-Dir - straight line
Casting: Shock (safe; 3% risk of failure)
Confirm with . or Enter, or press ? or * to list all spells.
Aiming: Shock (safe; 3% risk of failure)
Press: ? - help, Shift-Dir - straight line
Casting: Shock (safe; 3% risk of failure)
Confirm with . or Enter, or press ? or * to list all spells.
Aiming: Shock (safe; 3% risk of failure)
Press: ? - help, Shift-Dir - straight line The zap hits something.
You hear some strange, mumbled words.
A puff of flame appears from out of thin air!
The puff of flame hits you!
* * * LOW HITPOINT WARNING * * *
Casting: Shock (safe; 3% risk of failure)
Confirm with . or Enter, or press ? or * to list all spells.
Aiming: Shock (safe; 3% risk of failure)
Press: ? - help, Shift-Dir - straight line The zap hits something.
Something hits you.
You die...

.##.....#####
'#......................)..
.#...........................
.#..........................#
.#.................)........#
.#.........#................#
.#..........#...............#
##..........## #.){.........#
<..##'####+..####@...#......#
...#..........##...#........#
...#........#....)###.......#
...#.........#..>.###.......#
...#.........##....##.......#
...#.........##...##.#......#
...#........###..##.##......#
...#....###.###.#...##......#
. ###### #..#........#######


There were no monsters in sight!

Vanquished Creatures
  3 adders (D:2)
  2 worms (D:2)
  A dart slug (D:1)
  4 orcs (D:4)
  4 bats
  2 endoplasms
  3 giant cockroaches
  4 goblins
  3 hobgoblins
  4 jackals (D:1)
  10 kobolds
  4 quokkas
  9 ball pythons
  3 frilled lizards
  4 rats
60 creatures vanquished.

Notes
Turn   | Place    | Note
-------+----------+-------------------------------------------
     0 | D:1      | zero the Deep Elf Air Elementalist began the quest for the
                  | Orb.
     0 | D:1      | Reached XP level 1. HP: 10/10 MP: 6/6
   177 | D:1      | Reached skill level 4 in Spellcasting
   177 | D:1      | Reached XP level 2. HP: 15/15 MP: 7/9
   180 | D:1      | Learned a level 2 spell: Static Discharge
   981 | D:1      | Reached XP level 3. HP: 19/19 MP: 9/11
  1098 | D:1      | Reached skill level 5 in Spellcasting
  1875 | D:2      | Reached XP level 4. HP: 24/24 MP: 4/13
  1880 | D:2      | Learned a level 4 spell: Airstrike
  2677 | D:3      | Found a runed translucent door.
  3007 | D:3      | Noticed a bullfrog
  3010 | D:3      | Noticed TobyConnect's ghost (amateur DsSh)
  3175 | D:4      | Found a staircase to the Ecumenical Temple.
  3196 | Temple   | Entered the Ecumenical Temple
  3216 | Temple   | Became a worshipper of Vehumet
  3277 | D:4      | Slain by an orc wizard

Illustrated notes

Levels and vault maps discovered:
D:1:      shiori_arrival_elements, layout_loops_corners, dk_noncrumbling_3,
          minmay_misc_feat_cross, minmay_shallow_snake_nest
D:2:      layout_basic, eino_tiny_chamber, minmay_cupped
D:3:      layout_basic, ebering_ghost_sewer_d
D:4:      layout_gridville, minmay_temple_entry_wispy
Temple:   hellmonk_temple_of_storms

Skill      XL: |  1  2  3  4 |
---------------+-------------+-----
Spellcasting   | 4 5 |  5.2
Air Magic      | 4 |  4.0
Dodging        | |  2.4
Stealth        | |  2.4
Conjurations   | |  1.6

Action                     |  1- 3 |  4- 6 || total
---------------------------+-------+-------++-------
  Melee: Short sword       |     7 |       ||     7
   Cast: Shock             |    87 |    50 ||   137
 Armour: Robe              |     5 |       ||     5
  Dodge: Dodged            |    34 |     3 ||    37

Table legend: (Time is in decaauts)
 A = Elapsed time spent in this place.
 B = Non-inter-level travel time spent in this place.
 C = Inter-level travel time spent in this place.
 D = Time resting spent in this place.
 E = Time spent auto-exploring this place.
 F = Levels seen in this place.
 G = Mean time per level.
                   A        B        C        D        E       F      G
               +--------+--------+--------+--------+--------+-----+--------+
         Total |   3275 |   3082 |    193 |     97 |   2643 |   5 |  655.0 |
       Dungeon |   3234 |   3080 |    154 |     97 |   2643 |   4 |  808.5 |
        Temple |     40 |      1 |     39 |      0 |      0 |   1 |   40.0 |
               +--------+--------+--------+--------+--------+-----+--------+

Top non-repeatable levels by time:
     D:1: 1397 daAuts
     D:2: 1004 daAuts
     D:3: 693 daAuts
     D:4: 138 daAuts
  Temple: 40 daAuts
